 Dungeon Crawl Stone Soup version 0.31-a0-246-g8cbcc1cb85 (webtiles) character file.

Game seed: 14523343705711097440

785 cforsyth the Changeling (level 7, 0/59 HPs)
             Began as an Ogre Shapeshifter on July 13, 2023.
             Was a Follower of Hepliaklqana.
             Killed by divine providence
             ... invoked by an orc priest
              (12 damage)
             ... on level 5 of the Dungeon.
             The game lasted 00:05:44 (6660 turns).

cforsyth the Changeling (Ogre Shapeshifter)         Turns: 6660, Time: 00:05:45

Health: 0/59       AC:  3    Str: 22    XL:     7   Next: 86%
Magic:  7/7        EV:  9    Int:  9    God:    Hepliaklqana [*.....]
Gold:   268        SH:  0    Dex:  9    Spells: 6/6 levels left

rFire   . .          .
                       - Unarmed
rCold   . . .        (no shield)
rNeg    . . .        a - +0 animal skin
rPois   +            (helmet currently unavailable)
rElec   .            (cloak currently unavailable)
rCorr   .            (gloves unavailable)
SInv    .            (boots unavailable)
Will    .....        (no amulet)
Stlth   +            i - ring of flight
HPRegen 0.29/turn    o - ring of poison resistance
MPRegen 0.10/turn

%: no passive effects
@: beast-form, flying
A: beast (slay +4), reduced essence, large, unfitting armour, tough skin 1
a: Renounce Religion, Recall Ancestor, Ancestor Identity


You were on level 5 of the Dungeon.
You worshipped Hepliaklqana.
Hepliaklqana was aware of your devotion.
You were a hulking beast.
You visited 2 branches of the dungeon, and saw 6 of its levels.
You also visited: Sewer.

You collected 268 gold pieces.

Inventory:

Armour
 a - a +0 animal skin (worn)
Jewellery
 i - a ring of flight (left hand)
 o - a ring of poison resistance (right hand)
 q - a ring of wizardry
 r - a ring of wizardry
Talismans
 c - a beast talisman
Scrolls
 d - a scroll of vulnerability {unknown}
 f - 4 scrolls of teleportation {unknown}
 g - 8 scrolls of identify {unknown}
 h - a scroll of fear
 j - a scroll of silence {unknown}
 k - a scroll of amnesia {unknown}
 m - 3 scrolls of blinking {unknown}
 n - 2 scrolls of enchant armour {unknown}
 p - a scroll of brand weapon {unknown}
 t - a scroll of fog {unknown}
Potions
 b - 4 potions of enlightenment
 e - 4 potions of brilliance {unknown}
 l - a potion of mutation {unknown}
 s - a potion of ambrosia


   Skills:
 - Level 2.6 Fighting
 - Level 1.7 Dodging
 + Level 5.7 Unarmed Combat
 + Level 5.8 Shapeshifting


You had 6 spell levels left.
You didn't know any spells.
Your spell library contained the following spells:

 Spells                   Type           Power      Damage    Failure   Level
 Necrotise                Necr           0%         1d4       38%         1
 Dazzling Flash           Conj/Hex       0%         N/A       77%         3
 Vampiric Draining        Necr           0%         2d6       77%         3
 Cause Fear               Hex            0%         N/A       99%         4
 Agony                    Necr           0%         N/A       100%        5
 Fireball                 Conj/Fire      0%         3d3       100%        5
 Silence                  Hex/Air        0%         N/A       100%        5
 Dragon's Call            Summ           0%         N/A       100%        9


Dungeon Overview and Level Annotations

Branches:
Dungeon (5/15)             Temple (1/1) D:4           Sewer (visited)

Altars:
Ashenzari
Cheibriados
Elyvilon
Gozag
Hepliaklqana
Makhleb
Okawaru
Qazlal
Ru
Sif Muna
Uskayaw
Vehumet
Wu Jian
Xom
Yredelemnul
Zin


Innate Abilities, Weirdness & Mutations

You are a hulking beast.
Your limbs bulge with bestial killing power. (Slay +4)
Your life essence is reduced to manifest your ancestor. (-10% HP)
You are too large for most types of armour.
You have tough skin. (AC +1)


Message History

The orc wizard hits you with a +0 dagger.
You barely miss the orc wizard.
The orc wizard is severely wounded.
The orc wizard hits you with a +0 dagger.
You punch the orc wizard!
You kill the orc wizard!
You punch something!
You hear some strange, mumbled words.
You are confused.
The orc priest begins to cast a cantrip, but forgets the words!
You punch something!
Reactivating autopickup.
You feel a bit more experienced.
You bump into the rock wall.
You bump into the rock wall.
The orc hits you with a +0 short sword.
You bump into the rock wall.
The orc hits you but does no damage.
You bump into the rock wall.
The orc barely misses you.
You hit the orc. You punch the orc.
You kill the orc!
The orc priest mumbles some strange prayers to Beogh against you.
Beogh smites you!
* * * LOW HITPOINT WARNING * * *
You bump into the rock wall.
The orc priest calls down the wrath of Beogh upon you.
You struggle to resist.
Found a stone staircase leading up.
You feel less confused.
The orc priest hits you but does no damage.
Items here: ( )))) [[[ †.
You punch the orc priest!
The orc priest is heavily wounded.
The orc priest hits you but does no damage.
You hit the orc priest.
The orc priest is severely wounded.
The orc priest looks satisfied for a moment.
You completely miss the orc priest.
The orc priest is severely wounded.
The orc priest mumbles some strange prayers to Beogh against you.
Beogh smites you!
You die...

##.#.# ## ....# .#
#...# .#######
#...# .......# <...
.###.#.# ..# .#
#<#.# #o#
.###.#.#.## #h#
.....#.#.#...# #R#
.##..#.#.#...# #.#
.....#.#.#...# #.#
.......#.###.###.#
..#.####.##...##.#
..#.####.........##
..................+
....#######....####


You could see the friendly Leofric the ancestor and an orc priest (ally target).

Vanquished Creatures
  Eustachio (D:4)
  A scorpion (D:4)
  A howler monkey (D:4)
  2 hounds (D:5)
  An orc priest (D:4)
  Natasha (thrice) (D:4)
  3 orc wizards
  Robin (D:2)
  3 gnolls (D:2)
  14 adders
  4 river rats (Sewer)
  An ufetubus (D:5)
  A worm (Sewer)
  A dart slug (D:1)
  5 orcs
  11 ball pythons
  7 endoplasms
  7 giant cockroaches
  5 hobgoblins
  3 jackals
  8 quokkas
  16 bats
  2 frilled lizards
  8 goblins
  5 kobolds
  4 rats (D:1)
118 creatures vanquished.

Notes
Turn   | Place    | Note
-------+----------+-------------------------------------------
     0 | D:1      | cforsyth the Ogre Shapeshifter began the quest for the Orb.
     0 | D:1      | Reached XP level 1. HP: 22/22 MP: 1/1
   170 | D:1      | Reached XP level 2. HP: 27/29 MP: 2/2
   345 | D:1      | Reached XP level 3. HP: 32/36 MP: 3/3
   607 | D:2      | Found a faded altar of an unknown god.
   884 | D:2      | You are sucked into a shaft and drop 1 floor!
   998 | D:3      | Found an opulent altar of Gozag.
  1063 | D:3      | Found a glowing drain.
  1067 | Sewer    | Entered a sewer
  1150 | Sewer    | Reached XP level 4. HP: 42/44 MP: 4/4
  1610 | Sewer    | Reached XP level 5. HP: 20/50 MP: 5/5
  1613 | Sewer    | HP: 1/50 [river rat (3)]
  2619 | D:2      | Reached XP level 6. HP: 56/59 MP: 6/6
  2847 | D:2      | Noticed Robin
  2854 | D:2      | Killed Robin
  3579 | D:4      | Found a staircase to the Ecumenical Temple.
  3614 | Temple   | Entered the Ecumenical Temple
  3719 | Temple   | Became a worshipper of Hepliaklqana the Forgotten
  3856 | D:4      | Found an iron altar of Okawaru.
  3869 | D:4      | Reached skill level 5 in Shapeshifting
  3875 | D:4      | Noticed Eustachio
  4084 | D:4      | Killed Eustachio
  4085 | D:4      | Reached skill level 5 in Unarmed Combat
  4085 | D:4      | Reached XP level 7. HP: 31/66 MP: 7/7
  4576 | D:4      | Noticed Natasha
  4581 | D:4      | Killed Natasha
  4971 | D:4      | Found a staircase to the Ecumenical Temple.
  5235 | D:4      | Found an iron altar of Okawaru.
  5263 | D:4      | Noticed Natasha
  5271 | D:4      | Killed Natasha
  5671 | D:4      | Noticed Natasha
  5677 | D:4      | Killed Natasha
  5868 | D:4      | Found a staircase to the Ecumenical Temple.
  6131 | D:4      | Found an iron altar of Okawaru.
  6420 | D:5      | Entered Level 5 of the Dungeon
  6441 | D:5      | Reached * piety under Hepliaklqana
  6478 | D:5      | Found a radiant altar of Vehumet.
  6660 | D:5      | Killed from afar by an orc priest

Illustrated notes

Levels and vault maps discovered:
D:1:      minmay_arrival_shoal_huts, layout_basic, minmay_hexomino_c4
D:2:      layout_basic, serial_rivers, chequers_serial_rivers_small_a,
          chequers_serial_rivers_marsh, chequers_serial_rivers_micro_e,
          chequers_serial_rivers_small_3, chequers_serial_rivers_micro_c,
          nicolae_ecumenical_pavilion, hex_medium, uniq_robin
D:3:      layout_rooms, grunt_gozag_breadcrumbs, gup_sewer_entry_bowl
D:4:      layout_loops_corners, mainiacjoe_overflow_concentric_impassable,
          minmay_temple_entry_ruins, minmay_close_crescents, uniq_eustachio,
          uniq_natasha
D:5:      layout_loops_corners, general_overflow_altar,
          mainiacjoe_overflow_24_doors, uniq_crazy_yiuf_cottage
Temple:   compressed_dpeg_triangle_lava_temple

Skill      XL: |  1  2  3  4  5  6 |
---------------+-------------------+-----
Unarmed Combat | 2 3 4 5 |  5.7
Shapeshifting  | 4 5 |  5.8
Fighting       | |  2.6
Dodging        | |  1.7

Action                     |  1- 3 |  4- 6 |  7- 9 || total
---------------------------+-------+-------+-------++-------
  Melee: Unarmed           |   102 |   199 |    44 ||   345
         Punch             |     2 |     9 |     2 ||    13
    Use: Potion            |       |     4 |       ||     4
         Scroll            |       |     1 |       ||     1
 Armour: Animal skin       |    33 |    53 |    10 ||    96
         Skin              |       |     4 |       ||     4
  Dodge: Dodged            |    53 |   109 |    17 ||   179

Table legend: (Time is in decaauts)
 A = Elapsed time spent in this place.
 B = Non-inter-level travel time spent in this place.
 C = Inter-level travel time spent in this place.
 D = Time resting spent in this place.
 E = Time spent auto-exploring this place.
 F = Levels seen in this place.
 G = Mean time per level.
                   A        B        C        D        E       F      G
               +--------+--------+--------+--------+--------+-----+--------+
         Total |   6636 |   6505 |    131 |    136 |   5517 |   7 |  948.0 |
       Dungeon |   5322 |   5211 |    111 |     24 |   4600 |   5 | 1064.4 |
        Temple |    226 |    206 |     20 |      0 |    191 |   1 |  226.0 |
         Sewer |   1087 |   1087 |      0 |    112 |    726 |   1 | 1087.0 |
               +--------+--------+--------+--------+--------+-----+--------+

Top non-repeatable levels by time:
     D:4: 2860 daAuts
   Sewer: 1087 daAuts
     D:2: 980 daAuts
     D:3: 640 daAuts
     D:1: 603 daAuts
     D:5: 237 daAuts
  Temple: 226 daAuts
